 Dungeon Crawl Stone Soup version 0.24.0-13-gcf9b319 (webtiles) character file.

Game seed: 13904520909206383154, levelgen mode: deterministic

240 FitzyFitz the Fighter (level 6, -4/72 HPs)
             Began as an Ogre Warper on Feb 25, 2020.
             Was an Initiate of Qazlal.
             Slain by an ogre
             ... wielding a +0 giant spiked club
              (24 damage)
             ... on level 4 of the Dungeon.
             The game lasted 00:11:27 (4914 turns).

FitzyFitz the Fighter (Ogre Warper)                 Turns: 4914, Time: 00:11:28

Health: -4/72      AC:  4    Str: 18    XL:     6   Next: 8%
Magic:  6/10       EV: 15    Int: 14    God:    Qazlal [......]
Gold:   267        SH:  0    Dex: 13    Spells: 5/10 levels left

rFire    . . .     SeeInvis .   u - staff of earth (curse)
rCold    . . .     Gourm    .   (no shield)
rNeg     . . .     Faith    .   b - +1 robe
rPois    .         Spirit   .   (helmet restricted)
rElec    .         Reflect  .   (no cloak)
rCorr    +         Harm     .   (gloves unavailable)
MR       .....                  (boots unavailable)
Stlth    ++........             (no amulet)
HPRegen  0.22/turn              m - ring of resist corrosion
MPRegen  0.12/turn              (no ring)

@: agile, lethally poisoned (-4 -> -4)
A: large, unfitting armour, tough skin 1
a: Renounce Religion


You were on level 4 of the Dungeon.
You worshipped Qazlal.
Qazlal was noncommittal.
You were not hungry.

You visited 2 branches of the dungeon, and saw 5 of its levels.

You collected 267 gold pieces.

Inventory:

Hand Weapons
 a - a +0 hand axe
 g - a +0 hunting sling
 i - a +0 flail
 w - a +0 long sword
Missiles
 e - 5 boomerangs of dispersal (quivered)
 q - 81 stones
 r - 21 bolts
 y - 16 poisoned darts
Armour
 b - a +1 robe (worn)
Magical Staves
 u - a cursed staff of earth (weapon)
Jewellery
 m - a ring of resist corrosion (left hand)
Scrolls
 d - a scroll of blinking
 o - a scroll of remove curse
 p - 2 scrolls of enchant armour
 t - a scroll of random uselessness {unknown}
 v - a scroll of identify
 z - 2 scrolls of teleportation {unknown}
Potions
 c - a potion of flight {unknown}
 h - a potion of agility
 j - a potion of degeneration
 k - a potion of might
 l - 2 potions of magic {unknown}
 n - 2 potions of brilliance
 s - 2 potions of berserk rage {unknown}
 x - 2 potions of curing {unknown}
Comestibles
 f - 10 rations
 A - a chunk of flesh


   Skills:
 + Level 8.0 Fighting
 - Level 2.0 Axes
 - Level 1.0 Throwing
 - Level 2.1 Dodging
 + Level 2.7 Spellcasting
 - Level 2.6 Translocations


You had 5 spell levels left.
You knew the following spells:

 Your Spells              Type           Power        Failure   Level  Hunger
a - Apportation           Tloc           #.....       8%          1    #......
b - Blink                 Tloc           N/A          11%         2    ###....
c - Shroud of Golubria    Chrm/Tloc      #.....       19%         2    ###....

Your spell library contained the following spells:

 Spells                   Type           Power        Failure   Level  Hunger
 Animate Skeleton         Necr           N/A          22%         1    #......
 Beastly Appendage        Tmut           #.....       22%         1    #......
 Confusing Touch          Hex            #.....       22%         1    #......
 Summon Small Mammal      Summ           #...         22%         1    #......
 Gell's Gravitas          Tloc           #.........   22%         3    ###....
 Lesser Beckoning         Tloc           #.........   22%         3    ###....
 Teleport Other           Tloc           #.......     22%         3    ###....
 Sticks to Snakes         Tmut           #.......     32%         2    ###....
 Spider Form              Tmut/Pois      #.........   54%         3    ###....
 Passage of Golubria      Tloc           N/A          58%         4    #####..
 Ice Form                 Ice/Tmut       #.......     91%         4    #####..
 Blade Hands              Tmut           #.........   99%         5    ######.


Dungeon Overview and Level Annotations

Branches:
Dungeon (4/15)             Temple (1/1) D:4

Altars:
Ashenzari
Dithmenos
Elyvilon
Fedhas
Gozag
Hepliaklqana
Kikubaaqudgha
Makhleb
Nemelex Xobeh
Okawaru
Qazlal
Ru
Sif Muna
Trog
Uskayaw
Vehumet
Wu Jian
Xom
Yredelemnul
Zin
The Shining One

Shops:
D:4 (


Innate Abilities, Weirdness & Mutations

You are too large for most types of armour.
You have tough skin. (AC +1)


Message History

The ogre is lightly wounded.
The ogre closely misses you.
You feel agile all of a sudden.
You feel sick.
You completely miss the ogre.
The ogre is lightly wounded.
The ogre completely misses you.
You hit the ogre but do no damage.
The ogre is lightly wounded.
You feel sick.
The ogre hits you with a +0 giant spiked club!!
* * * LOW HITPOINT WARNING * * *
You barely miss the ogre.
The ogre is lightly wounded.
The ogre closely misses you.
You hit the ogre.
The ogre is moderately wounded.
You feel sick.
The ogre hits you with a +0 giant spiked club!!
You die...

#....##... ...
........##.##
....##............
....#........#....
............##....
.......#.........
..............#
............#
...#.#@#...# .
###O###.##
....#....#...#
....O..?##.8.#
........?#...#
.#..>...###.###
##.....#.....#.........
#.....#.....#.........
.......#..>..#...<.....


You could see an ogre.

Vanquished Creatures
  A scorpion (D:3)
  2 worker ants
  6 adders
  2 worms
  2 leopard geckos
  7 orcs
  3 giant cockroaches
  10 hobgoblins
  10 jackals
  2 quokkas
  2 ball pythons
  9 bats
  5 frilled lizards
  6 goblins
  3 kobolds
  A quokka skeleton (D:4)
  6 rats
77 creatures vanquished.

Notes
Turn   | Place    | Note
-------+----------+-------------------------------------------
     0 | D:1      | FitzyFitz the Ogre Warper began the quest for the Orb.
     0 | D:1      | Reached XP level 1. HP: 22/22 MP: 3/3
    72 | D:1      | You fall into a shaft and drop 1 floor!
    83 | D:1      | Reached skill level 3 in Fighting
    83 | D:1      | Reached XP level 2. HP: 17/32 MP: 5/5
   420 | D:1      | Reached skill level 4 in Fighting
  1097 | D:2      | Reached XP level 3. HP: 16/40 MP: 6/6
  1412 | D:2      | Reached skill level 5 in Fighting
  1736 | D:2      | Reached XP level 4. HP: 30/52 MP: 7/7
  2165 | D:2      | Reached skill level 6 in Fighting
  2234 | D:2      | Found a blossoming altar of Fedhas.
  2600 | D:3      | Reached skill level 7 in Fighting
  2600 | D:3      | Reached XP level 5. HP: 43/62 MP: 8/8
  2620 | D:3      | Learned a level 2 spell: Blink
  2622 | D:3      | Learned a level 1 spell: Apportation
  2625 | D:3      | Learned a level 2 spell: Shroud of Golubria
  4277 | D:4      | Found Gavvat's Weapon Emporium.
  4735 | D:4      | Found a staircase to the Ecumenical Temple.
  4750 | Temple   | Entered the Ecumenical Temple
  4843 | Temple   | Became a worshipper of Qazlal Stormbringer
  4875 | D:4      | Noticed an ogre
  4905 | D:4      | Reached skill level 8 in Fighting
  4905 | D:4      | Reached XP level 6. HP: 46/72 MP: 4/10
  4914 | D:4      | Slain by an ogre

Levels and vault maps discovered:
D:1:      dpeg_arrival_rooms_a, layout_basic
D:2:      kb_forest_paths, layout_basic, fedhas_altar_4
D:3:      minmay_octagon_keep, layout_basic, kennysheep_cluttered_room,
          chequers_jeans
D:4:      layout_cave_pools, kennysheep_slug_shrine,
          minmay_temple_entry_antechambers, serial_shops, shop, first_ration
Temple:   nicolae_temple_the_god_donut

Skill      XL: |  1  2  3  4  5 |
---------------+----------------+-----
Fighting       | 3 4 5 7 8 |  8.0
Axes           | |  2.0
Throwing       | |  1.0
Dodging        | |  2.1
Spellcasting   | |  2.7
Translocations | |  2.6

Action                   |  1- 3 |  4- 6 || total
-------------------------+-------+-------++-------
Melee: Hand axe          |    98 |   192 ||   290
       Staff             |       |    58 ||    58
 Cast: Shroud of Golubri |       |     4 ||     4
  Use: Scroll            |     7 |       ||     7
       Potion            |       |     1 ||     1
  Eat: Chunk             |     3 |     8 ||    11
       Ration            |       |     1 ||     1
Armor: Robe              |    38 |    81 ||   119
Dodge: Dodged            |    51 |   158 ||   209
